 Dungeon Crawl Stone Soup version 0.31.0-1-g2c135a0 (webtiles) character file.

Game seed: 17553078281406062588

35683 Fuzzwah the Tortoise (level 13, -2/171 HPs)
             Began as a Minotaur Berserker on Feb 3, 2024.
             Was a High Priest of Trog.
             Slain by a cane toad (3 damage)
             ... on level 5 of the Lair of Beasts.
             The game lasted 00:49:22 (18348 turns).

Fuzzwah the Tortoise (Minotaur Berserker)          Turns: 18348, Time: 00:49:22

Health: -2/171     AC: 22    Str: 29    XL:     13   Next: 48%
Magic:  12/12      EV: 10    Int:  4    God:    Trog [*****.]
Gold:   709        SH:  0    Dex: 14    Spells: 12/12 levels left

rFire   . . .        m - +2 battleaxe (chaos)
rCold   . . .        (shield currently unavailable)
rNeg    . . .        F - +1 plate armour
rPois   .            o - +2 hat {SInv}
rElec   .            (no cloak)
rCorr   .            (no gloves)
SInv    +            l - +0 pair of boots
Will    .....        u - amulet of faith {!P} Stlth
                     S - +6 ring of strength
HPRegen 0.48/turn    v - ring of see invisible
MPRegen 0.13/turn

%: faith
@: berserking, lethally poisoned (-2 -> -26), slowed
A: horns 2, retaliatory headbutt
a: Renounce Religion, Berserk, Trog's Hand, Brothers in Arms


You were on level 5 of the Lair of Beasts.
You worshipped Trog.
Trog was extremely pleased with you.
You visited 2 branches of the dungeon, and saw 17 of its levels.

You collected 1040 gold pieces.
You spent 331 gold pieces at shops.


Innate Abilities, Weirdness & Mutations

You have a pair of horns on your head.
You reflexively headbutt those who attack you in melee.


   Skills:
 + Level 10.7 Fighting
 * Level 15.8(18.2) Axes
 - Level 15.0(17.8) Maces & Flails
 + Level 0.9 Throwing
 + Level 16.7 Armour
 + Level 4.4 Dodging
 - Level 1.2 Stealth
 * Level 4.8 Evocations


You had 12 spell levels left.
You didn't know any spells.
Your spell library was empty.

Inventory:

Hand Weapons
 a - a +2 antimagic battleaxe
 m - a +2 battleaxe of chaos (weapon)
Missiles
 t - 31 poisoned darts (quivered)
Armour
 l - a +0 pair of boots (worn)
 o - a +2 hat of see invisible (worn)
 F - a +1 plate armour (worn)
Jewellery
 c - an amulet of the acrobat
 u - an amulet of faith (around neck) {!P}
 v - a ring of see invisible (right hand)
 G - an amulet of regeneration
 N - a ring of positive energy
 R - a ring of resist corrosion
 S - a +6 ring of strength (left hand)
Wands
 d - a wand of polymorph (2)
 g - a wand of digging (17)
 w - a wand of paralysis (24)
 y - a wand of flame (38)
 z - a wand of mindburst (11)
 D - a wand of roots (13)
Scrolls
 b - 7 scrolls of identify {@r1}
 e - 4 scrolls of poison
 i - 6 scrolls of teleportation {@r2}
 k - a scroll of immolation
 n - a scroll of revelation
 r - 2 scrolls of fear
 s - a scroll of summoning
 A - 5 scrolls of fog
 B - a scroll of silence {!r}
 C - 4 scrolls of blinking
 H - 3 scrolls of noise
Potions
 f - a potion of ambrosia
 h - 2 potions of berserk rage {!q}
 j - 2 potions of heal wounds {@q2}
 p - 2 potions of enlightenment
 q - 2 potions of attraction
 E - 3 potions of lignification
 J - 2 potions of degeneration
 K - 6 potions of curing {@q1}
 P - 3 potions of invisibility

Dungeon Overview and Level Annotations

Branches:
Dungeon (12/15)            Temple (0/1) D:7            Lair (5/5) D:10
  Swamp (0/4) Lair:3       Spider (0/4) Lair:2        Slime (0/5) Lair:4
    Orc: D:9-12

Altars:
Dithmenos
Elyvilon
Fedhas
Gozag
Hepliaklqana
Kikubaaqudgha
Okawaru
Sif Muna
Trog
Uskayaw
Jiyva

Shops:
D:2 [   D:10 !**

Portals:
Ice
Cave: Lair:5

Annotations:
D:6 1 runed translucent door, brinewave's ghost, novice FeSu
D:7 1 runed translucent door, geeeeen's ghost, novice MiFi
Lair:2 2 transporters, Zagger's ghost, journeyman FoHu

..P###.#....#.#...
P......#....P..#.......
.......................
......................
#P.....##...........
#P...##††.........#
##PP.P###.#........#▒
.#.....###.....†F†..##
#......###......@....##
......................#
...........###...#.....#
...........###...###....#
<...........####.P. ##...
............##....P.. #.
..................P...
......................
......................


You could see a cane toad (slow).


Message History

You kill the water moccasin!
Trog accepts your kill.
You barely miss the cane toad. You slice the wyvern!! You freeze the wyvern.
* * * LOW HITPOINT WARNING * * *
You feel very sick. The cane toad stings you.
* * * LOW HITPOINT WARNING * * *
The wyvern bites you but does no damage.
You slash the wyvern!
You kill the wyvern!
Trog accepts your kill.
You hit the cane toad.
The cane toad seems to slow down.
You freeze the cane toad.
* * * LOW HITPOINT WARNING * * *
You feel very sick. The cane toad stings you.
* * * LOW HITPOINT WARNING * * *
You are more poisoned.
The cane toad poisons you!
You are too berserk!
You closely miss the cane toad.
The cane toad is moderately wounded.
* * * LOW HITPOINT WARNING * * *
You feel extremely sick.
You slash the cane toad! You burn the cane toad.
The cane toad is severely wounded.
* * * LOW HITPOINT WARNING * * *
You feel very sick. The cane toad stings you.
You die...

Skill      XL: |  1  2  3  4  5  6  7  8  9 10 11 12 13 |
---------------+----------------------------------------+-----
Axes           | 4 5 7 8 9 10 11 14 15 | 15.8
Fighting       | 4 5 6 7 9 10 | 10.7
Armour         | 3 4 5 8 9 11 14 16 | 16.7
Dodging        | 3 4 |  4.4
Stealth        | 1 |  1.2
Maces & Flails | 4 9 12 15 | 15.0
Evocations     | 1 3 4 |  4.8
Throwing       | |  0.9

Action                     |  1- 3 |  4- 6 |  7- 9 | 10-12 | 13-15 || total
---------------------------+-------+-------+-------+-------+-------++-------
  Melee: Hand axe          |    65 |   104 |    88 |       |       ||   257
         Headbutt          |    10 |    22 |    48 |   124 |    18 ||   222
         Punch             |       |     2 |       |       |       ||     2
         Dire flail        |       |       |   180 |   312 |       ||   492
         Battleaxe         |       |       |       |   199 |    82 ||   281
  Throw: Dart              |       |       |       |     5 |     1 ||     6
 Invoke: Berserk           |       |     2 |     7 |    13 |     4 ||    26
         Brothers in Arms  |       |       |       |     3 |       ||     3
    Use: Potion            |     2 |       |     3 |    16 |     2 ||    23
         Scroll            |       |     5 |    13 |     6 |     2 ||    26
   Stab: Distracted        |     1 |       |       |       |       ||     1
         Confused          |       |       |       |       |     1 ||     1
 Armour: Animal skin       |    34 |       |       |       |       ||    34
         Ring mail         |     1 |    31 |       |       |       ||    32
         Chain mail        |       |     3 |   181 |       |       ||   184
         Plate armour      |       |       |   151 |   434 |   145 ||   730
         Skin              |       |       |       |     1 |       ||     1
  Dodge: Dodged            |    44 |    78 |   195 |   175 |    49 ||   541

Levels and vault maps discovered:
D:1:      dpeg_arrival_circle_labyrinth_a, layout_basic
D:2:      minmay_razor_zed, layout_loops_ring, basic_altar,
          hellmonk_ecumenical_altar_crossroads, serial_shops,
          nicolae_shop_waterfront, kennysheep_minor_cross, minivault_14
D:3:      layout_loops_cross, okawaru_metal_pillars_1_2, minmay_box_of_dots,
          uniq_jessica
D:4:      kennysheep_spiral_hall, layout_basic,
          nicolae_uskayaw_murder_on_the_dancefloor, serial_rivers,
          chequers_serial_rivers_room_a, chequers_serial_rivers_micro_c,
          chequers_serial_rivers_micro_a, chequers_serial_rivers_room_a
D:5:      layout_basic, nicolae_overflow_crystal_walls
D:6:      layout_gridville, amcnicky_altar_gilded,
          nicolae_gozag_cash_rules_everything_around_me,
          ebering_ghost_inner_flame, uniq_edmund, uniq_menkaure
D:7:      layout_cave_pools, minmay_temple_entry_poolview,
          hellmonk_ghost_happy_afterlife
D:8:      layout_layer_cave, mainiacjoe_overflow_tiny_flanked,
          kennysheep_kite_vault, uniq_maggie, uniq_psyche, uniq_grum, uniq_pikel
D:9:      layout_loops_ring, old_standard_altar, enter_bailey_8
D:10:     layout_small_grid, mainiacjoe_overflow_catwalk, lair_entry_dummy,
          serial_co_window_serial, co_window_paths_b, co_window_corner_a,
          co_window_of_opportunity_a, co_window_paths_b, co_window_paths_a,
          co_window_broadway_b, co_window_corner_b, co_window_corner_b,
          co_window_paths_c, co_window_corner_b, co_window_2corner,
          co_window_broadway_c, co_window_4corner_a, serial_shops,
          nicolae_shop_pleasant_corner_grove, nicolae_shop_stone,
          nicolae_shop_real_fake_doors, onia_ninara_dug_in_and_dangerous
D:11:     layout_basic
D:12:     cheibrodos_tormentor_scu, layout_loops_corners,
          gammafunk_ghost_cemetery, nicolae_elyvilon_peaceful_grove
Lair:1:   layout_cave_pods, lemuel_fruit_tree
Lair:2:   layout_cave_pods, nicolae_spider_entry_orb_guardian,
          gammafunk_ghost_wrathful_warriors
Lair:3:   layout_gridlike, swamp_mist_pool, hangedman_lair_unloving_vines,
          minivault_11
Lair:4:   layout_gridlike, nicolae_slime_entry_field_trip,
          chequers_serial_rivers_micro_a, gammafunk_lair_bear_cave,
          grunt_megastairs_4, serial_bayou_shore_b
Lair:5:   guppyfry_lair_end_dragon, layout_layer_cave,
          hangedman_lair_tendril_chambers, portal_ice_cave_entry_pillars_1,
          gauntlet_entry_generic, chequers_serial_rivers_micro_a,
          chequers_serial_rivers_small_b, serial_bayou_shore_b

Notes
Turn   | Place    | Note
-------+----------+-------------------------------------------
     0 | D:1      | Fuzzwah the Minotaur Berserker began the quest for the Orb.
     0 | D:1      | Reached XP level 1. HP: 19/19 MP: 0/0
   396 | D:1      | Reached skill level 4 in Axes
   396 | D:1      | Reached XP level 2. HP: 26/27 MP: 1/1
   834 | D:2      | HP: 2/27 [poisoned by an adder]
   835 | D:2      | Reached skill level 4 in Fighting
   835 | D:2      | Reached XP level 3. HP: 3/33 MP: 2/2
   845 | D:2      | HP: 3/33 [hobgoblin (3)]
   846 | D:2      | Reached ** piety under Trog
   977 | D:2      | Found a shadowy altar of Dithmenos.
  1049 | D:2      | Found a faded altar of an unknown god.
  1734 | D:2      | Reached skill level 5 in Axes
  1734 | D:2      | Reached XP level 4. HP: 38/40 MP: 3/3
  1923 | D:2      | Found Litex's Armour Emporium.
  2022 | D:3      | Reached skill level 3 in Armour
  2131 | D:3      | Found an iron altar of Okawaru.
  2501 | D:3      | Noticed Jessica
  2506 | D:3      | Killed Jessica
  2507 | D:3      | Reached XP level 5. HP: 41/47 MP: 4/4
  2568 | D:3      | Reached skill level 6 in Axes
  2714 | D:4      | Reached skill level 3 in Dodging
  2808 | D:4      | Found a hide-covered altar of Uskayaw.
  2842 | D:4      | Reached *** piety under Trog
  2879 | D:4      | Noticed an ogre
  2883 | D:4      | Killed an ogre
  2884 | D:4      | Reached skill level 7 in Axes
  2884 | D:4      | Reached XP level 6. HP: 53/53 MP: 5/5
  2939 | D:4      | HP: 4/79 [burnt (5)]
  3152 | D:4      | Identified the +0 robe "Enwin" {+Inv rElec Dex+3}
  3517 | D:5      | Entered Level 5 of the Dungeon
  3566 | D:5      | Reached skill level 8 in Axes
  3566 | D:5      | Reached skill level 4 in Armour
  3566 | D:5      | Reached XP level 7. HP: 55/60 MP: 6/6
  3785 | D:5      | Reached skill level 5 in Fighting
  3785 | D:5      | Reached skill level 9 in Axes
  3859 | D:5      | Reached skill level 5 in Armour
  4110 | D:5      | Identified the beast talisman of Bottew {Int+3 Dex+4}
  4214 | D:5      | Found a hazy altar of Hepliaklqana.
  4899 | D:6      | Found a shimmering blue altar of Sif Muna.
  4904 | D:6      | Reached XP level 8. HP: 66/68 MP: 7/7
  4993 | D:6      | Reached **** piety under Trog
  5015 | D:6      | Noticed Edmund
  5026 | D:6      | Killed Edmund
  5027 | D:6      | Reached skill level 10 in Axes
  5045 | D:6      | Reached skill level 6 in Armour
  5137 | D:6      | Noticed Menkaure
  5145 | D:6      | Killed Menkaure
  5284 | D:6      | Found an opulent altar of Gozag.
  5337 | D:6      | Found a runed translucent door.
  5338 | D:6      | Noticed a manticore
  5339 | D:6      | Noticed brinewave's ghost (novice FeSu)
  5373 | D:6      | Reached skill level 7 in Armour
  5373 | D:6      | Reached skill level 1 in Stealth
  5572 | D:7      | Reached skill level 1 in Maces & Flails
  5574 | D:7      | Reached skill level 2 in Maces & Flails
  5584 | D:7      | Reached skill level 6 in Fighting
  5584 | D:7      | Reached skill level 3 in Maces & Flails
  5584 | D:7      | Reached skill level 8 in Armour
  5587 | D:7      | Reached skill level 4 in Dodging
  5768 | D:7      | Reached skill level 4 in Maces & Flails
  5768 | D:7      | Reached XP level 9. HP: 68/75 MP: 8/8
  5835 | D:7      | Noticed geeeeen's ghost (novice MiFi)
  5860 | D:7      | Found a runed translucent door.
  5951 | D:7      | Paralysed by a centaur for 2 turns
  5966 | D:7      | Paralysed by a centaur for 5 turns
  5979 | D:7      | Reached skill level 5 in Maces & Flails
  6308 | D:7      | Found a staircase to the Ecumenical Temple.
  6412 | D:8      | Noticed Maggie
  6428 | D:8      | Killed Maggie
  6429 | D:8      | Reached skill level 6 in Maces & Flails
  6593 | D:8      | Reached skill level 7 in Maces & Flails
  6593 | D:8      | Reached skill level 9 in Armour
  6609 | D:8      | Noticed a two-headed ogre
  6615 | D:8      | Noticed a komodo dragon
  6620 | D:8      | Reached skill level 8 in Maces & Flails
  6801 | D:8      | Killed a komodo dragon
  6802 | D:8      | Reached skill level 9 in Maces & Flails
  6898 | D:8      | Reached XP level 10. HP: 63/84 MP: 9/9
  6967 | D:8      | Reached skill level 10 in Maces & Flails
  6971 | D:8      | Reached skill level 10 in Armour
  7165 | D:8      | Noticed Pikel
  7180 | D:8      | Killed Pikel
  7181 | D:8      | Reached skill level 7 in Fighting
  7294 | D:8      | Noticed Psyche
  7313 | D:8      | Identified 2 potions of resistance
  7348 | D:8      | Killed Psyche
  7349 | D:8      | Reached skill level 11 in Maces & Flails
  7404 | D:8      | Noticed Grum
  7419 | D:8      | Killed Grum
  7474 | D:8      | Found a blossoming altar of Fedhas.
  7603 | D:8      | Reached skill level 11 in Armour
  8459 | D:9      | Found a flagged portal.
  8890 | D:9      | Found an ancient bone altar of Kikubaaqudgha.
  8960 | D:9      | Reached skill level 12 in Maces & Flails
  9116 | D:10     | Entered Level 10 of the Dungeon
  9136 | D:10     | Found a staircase to the Lair.
  9296 | D:10     | Found Napty's General Store.
  9312 | D:10     | Bought a +0 pair of boots for 45 gold pieces
  9320 | D:10     | Found a white marble altar of Elyvilon.
  9516 | D:10     | Found Bawud's Assorted Antiques.
  9740 | D:10     | You fall into a shaft and drop 1 floor!
 10099 | D:11     | Reached XP level 11. HP: 94/94 MP: 10/10
 10104 | D:11     | Reached skill level 12 in Armour
 10199 | D:11     | Reached skill level 13 in Maces & Flails
 10209 | D:11     | Reached ***** piety under Trog
 10213 | D:11     | Reached skill level 8 in Fighting
 10886 | D:10     | Noticed an ogre mage
 10890 | D:10     | Noticed a two-headed ogre
 11233 | D:10     | Found Yganuv's Distillery.
 11236 | D:10     | Bought 2 potions of invisibility for 208 gold pieces
 11236 | D:10     | Bought 2 potions of curing for 78 gold pieces
 11381 | D:12     | Reached skill level 14 in Maces & Flails
 11708 | D:12     | Reached skill level 13 in Armour
 11712 | D:12     | Noticed a death knight
 11723 | D:12     | Noticed a skeletal warrior
 11729 | D:12     | Killed a death knight
 11734 | D:12     | Killed a skeletal warrior
 11740 | D:12     | Noticed a skeletal warrior
 11770 | D:12     | Killed a skeletal warrior
 11788 | D:12     | Noticed a skeletal warrior
 11797 | D:12     | Killed a skeletal warrior
 11798 | D:12     | Reached skill level 15 in Maces & Flails
 12050 | D:12     | Noticed a death knight
 12359 | D:12     | Killed a death knight
 12360 | D:12     | Reached skill level 9 in Fighting
 12360 | D:12     | Reached skill level 14 in Armour
 12572 | D:12     | Noticed a skeletal warrior
 12622 | D:12     | Killed a skeletal warrior
 12623 | D:12     | Reached skill level 1 in Evocations
 12648 | D:12     | Noticed a boulder beetle
 12673 | D:12     | Killed a boulder beetle
 12674 | D:12     | Reached skill level 11 in Axes
 12866 | Lair:1   | Entered Level 1 of the Lair of Beasts
 13067 | Lair:1   | Reached XP level 12. HP: 104/104 MP: 3/11
 13504 | Lair:1   | Reached skill level 2 in Evocations
 13912 | Lair:1   | Reached skill level 15 in Armour
 14044 | Lair:2   | Found a transporter.
 14079 | Lair:2   | Noticed Zagger's ghost (journeyman FoHu)
 14082 | Lair:2   | Found a bloodstained altar of Trog.
 14116 | Lair:2   | Received a gift from Trog
 14218 | Lair:2   | Found a hole to the Spider Nest.
 14232 | Lair:2   | Found a transporter.
 14401 | Lair:2   | Reached skill level 12 in Axes
 14988 | Lair:2   | Noticed a death yak
 14989 | Lair:2   | Noticed a death yak
 14989 | Lair:2   | Noticed a death yak
 14997 | Lair:2   | Killed a death yak
 15002 | Lair:2   | Killed a death yak
 15003 | Lair:2   | Killed a death yak
 15576 | Lair:3   | Reached skill level 13 in Axes
 15813 | Lair:3   | Noticed a seven-headed hydra
 15822 | Lair:3   | Killed a ten-headed hydra
 15823 | Lair:3   | Reached skill level 3 in Evocations
 15950 | Lair:3   | Noticed a six-headed hydra
 15959 | Lair:3   | Killed a 12-headed hydra
 16362 | Lair:3   | Found a staircase to the Swamp.
 16376 | Lair:3   | Reached skill level 14 in Axes
 16886 | Lair:4   | Reached skill level 10 in Fighting
 16886 | Lair:4   | Reached skill level 16 in Armour
 16912 | Lair:4   | Reached XP level 13. HP: 46/113 MP: 4/12
 17328 | Lair:4   | Reached skill level 4 in Evocations
 17497 | Lair:4   | Reached skill level 15 in Axes
 17752 | Lair:4   | Found a viscous altar of Jiyva.
 17759 | Lair:4   | Found a staircase to the Slime Pits.
 17878 | Lair:4   | You fall into a shaft and drop 1 floor!
 17878 | Lair:5   | Entered Level 5 of the Lair of Beasts
 17962 | Lair:5   | Found a frozen archway.
 18334 | Lair:5   | Paralysed by a hornet for 3 turns
 18346 | Lair:5   | HP: 16/171 [poisoned by a cane toad]
 18347 | Lair:5   | HP: 7/171 [poisoned by a cane toad]
 18348 | Lair:5   | HP: 1/171 [poisoned by a cane toad]
 18348 | Lair:5   | Slain by a cane toad

Vanquished Creatures
  3 hydras
  2 death knights (D:12)
  A boulder beetle (D:12)
  3 death yaks (Lair:2)
  A fire crab (Lair:5)
  A skyshark (Lair:4)
  4 skeletal warriors (D:12)
  Pikel (D:8)
  An oklob plant (Lair:4)
  A cyclops (D:11)
  14 elephants
  5 black mambas
  Maggie (D:8)
  10 cane toads
  A rime drake (Lair:3)
  6 komodo dragons
  Psyche (D:8)
  2 kobold demonologists (D:11)
  A troll (D:10)
  2 hornets
  3 blink frogs (Lair:3)
  A shadow (D:12)
  4 wraiths
  5 wyverns
  2 vampires
  11 yaks
  10 vampire mosquitoes
  A basilisk (Lair:1)
  Grum (D:8)
  A redback (Lair:5)
  3 steam dragons
  Menkaure (D:6)
  Edmund (D:6)
  2 acid dragons
  16 water moccasins
  3 orc warriors
  2 black bears
  A sky beast (D:6)
  2 ogres
  8 wolves
  A lemure (D:8)
  7 centaurs
  6 bullfrogs
  7 kobold brigands
  3 scorpions
  5 wights (D:8)
  7 killer bees
  4 howler monkeys
  A bombardier beetle (D:4)
  3 orc priests
  4 jellies
  5 hounds
  A gnoll bouda (D:7)
  4 iguanas (D:5)
  A sleepcap (D:6)
  Jessica (D:3)
  10 orc wizards
  4 gnolls
  7 adders
  A shadow imp (D:5)
  A white imp (D:6)
  4 ufetubi
  A dart slug (D:3)
  2 ribbon worms (D:3)
  37 orcs
  5 endoplasms
  8 giant cockroaches
  6 hobgoblins
  5 jackals
  24 kobolds
  4 quokkas
  3 ball pythons
  4 bats
  A frilled lizard (D:1)
  14 goblins
  5 rats
345 creatures vanquished.

Vanquished Creatures (collateral kills)
  2 elephants (Lair:4)
  A cane toad (Lair:4)
  A kobold (D:8)
4 creatures vanquished.

Vanquished Creatures (others)
  A butterfly (D:12)
1 creature vanquished.

Grand Total: 350 creatures vanquished

Table legend: (Time is in decaauts)
 A = Elapsed time spent in this place.
 B = Non-inter-level travel time spent in this place.
 C = Inter-level travel time spent in this place.
 D = Time resting spent in this place.
 E = Time spent auto-exploring this place.
 F = Levels seen in this place.
 G = Mean time per level.
                   A        B        C        D        E       F      G
               +--------+--------+--------+--------+--------+-----+--------+
         Total |  18398 |  17756 |    642 |   3763 |  11730 |  17 | 1082.2 |
       Dungeon |  12887 |  12337 |    550 |   2563 |   8062 |  12 | 1073.9 |
          Lair |   5511 |   5419 |     92 |   1200 |   3668 |   5 | 1102.2 |
               +--------+--------+--------+--------+--------+-----+--------+

Top non-repeatable levels by time:
     D:8: 1875 daAuts
    D:11: 1565 daAuts
  Lair:3: 1388 daAuts
  Lair:1: 1326 daAuts
     D:5: 1307 daAuts
  Lair:2: 1291 daAuts
    D:10: 1246 daAuts
  Lair:4: 1233 daAuts
     D:2: 1157 daAuts
    D:12: 914 daAuts
     D:7: 892 daAuts
     D:9: 852 daAuts
     D:4: 851 daAuts
     D:1: 819 daAuts
     D:3: 706 daAuts

Table legend:
 A = Non-vault XP
 B = Vault XP
 C = Vault XP percentage of total XP
 D = Non-vault monster count
 E = Vault monster count
 F = Vault count percentage of total count
                 A         B        C        D         E       F
            +---------+---------+-------+---------+---------+-------
      Total |   38821 |   12155 |  23.8 |     288 |      60 |  17.2
            +---------+---------+-------+---------+---------+-------
        D:1 |      27 |       0 |   0.0 |      16 |       0 |   0.0
        D:2 |      55 |      21 |  27.6 |      18 |       6 |  25.0
        D:3 |      84 |      43 |  33.9 |      19 |       3 |  13.6
        D:4 |     404 |      19 |   4.5 |      19 |       4 |  17.4
        D:5 |     719 |       0 |   0.0 |      20 |       0 |   0.0
        D:6 |     492 |     327 |  39.9 |      17 |       2 |  10.5
        D:7 |    1075 |       0 |   0.0 |      23 |       0 |   0.0
        D:8 |    1299 |    3908 |  75.1 |      26 |      22 |  45.8
        D:9 |     518 |       0 |   0.0 |       8 |       0 |   0.0
       D:10 |    2057 |       0 |   0.0 |      16 |       0 |   0.0
       D:11 |    2470 |       0 |   0.0 |      23 |       0 |   0.0
       D:12 |    3206 |    4893 |  60.4 |      13 |       7 |  35.0
     Lair:1 |    3020 |       0 |   0.0 |      10 |       0 |   0.0
     Lair:2 |    3832 |       0 |   0.0 |      12 |       0 |   0.0
     Lair:3 |    5935 |       0 |   0.0 |      19 |       0 |   0.0
     Lair:4 |    9001 |     745 |   7.6 |      19 |       5 |  20.8
     Lair:5 |    4627 |    2199 |  32.2 |      10 |      11 |  52.4
            +---------+---------+-------+---------+---------+-------
